 Dungeon Crawl Stone Soup version 0.31-a0-18-gea43df2a32 (webtiles) character file.

Game seed: 6237241168823364454

2 subawu the Firebug (level 1, 0/14 HPs)
             Began as a Draconian Fire Elementalist on May 12, 2023.
             Slain by a hobgoblin (4 damage)
             ... on level 2 of the Dungeon.
             The game lasted 00:01:32 (281 turns).

subawu the Firebug (Draconian Fire Elementalist)     Turns: 281, Time: 00:01:33

Health: 0/14       AC:  4    Str: 10    XL:     1   Next: 33%
Magic:  3/3        EV: 12    Int: 15    God:
Gold:   13         SH:  0    Dex: 11    Spells: 3/4 levels left

rFire   . . .        d - +0 club
rCold   . . .        (no shield)
rNeg    + . .        (body armour unavailable)
rPois   .            (helmet restricted)
rElec   .            (no cloak)
rCorr   .            (no gloves)
SInv    .            (no boots)
Will    .....        (no amulet)
Stlth   ++           b - ring of positive energy
HPRegen 0.22/turn    (no ring)
MPRegen 0.08/turn

%: no passive effects
@: no status effects
A: AC +4, unfitting armour, cold-blooded
a: no special abilities


You were on level 2 of the Dungeon.
You visited 1 branch of the dungeon, and saw 2 of its levels.

You collected 13 gold pieces.

Inventory:

Hand Weapons
 d - a +0 club (weapon)
Missiles
 e - 2 boomerangs
Jewellery
 b - a ring of positive energy (left hand)
Scrolls
 f - a scroll of noise {unknown}
Potions
 a - a potion of magic
 c - a potion of berserk rage {unknown}


   Skills:
 + Level 1.8 Dodging
 + Level 1.8 Stealth
 + Level 2.0 Spellcasting
 + Level 1.0 Conjurations
 + Level 3.0 Fire Magic


You had 3 spell levels left.
You knew the following spells:

 Your Spells              Type           Power      Damage    Failure   Level
a - Foxfire               Conj/Fire      28%        2x1d5     10%         1

Your spell library contained the following spells:

 Spells                   Type           Power      Damage    Failure   Level
 Scorch                   Fire           20%        2d6       10%         2
 Blink                    Tloc           2%         N/A       32%         2
 Inner Flame              Hex/Fire       6%         N/A       34%         3
 Volatile Blastmotes      Fire/Tloc      12%        2d11      34%         3
 Flame Wave               Conj/Fire      7%         2d5       67%         4
 Manifold Assault         Tloc           1%         N/A       91%         4
 Storm Form               Tmut/Air       0%         N/A       100%        7


Dungeon Overview and Level Annotations

Branches:
Dungeon (2/15)

Altars:
Dithmenos

Annotations:
D:1 1 transporter


Innate Abilities, Weirdness & Mutations

Your plain brown scales are hard. (AC +4)
You cannot fit into any form of body armour.
You are cold-blooded and may be slowed by cold attacks.


Message History

You fall into a shaft and drop 1 floor!
The shaft crumbles and collapses.
Found an escape hatch in the floor.
Found a stone staircase leading down.
Found a shadowy altar of Dithmenos.
A hobgoblin comes into view.
Found a fuming silvery potion and a hand axe.
Found a stone staircase leading up.
A ball python comes into view.
The hobgoblin shouts!
The ball python hisses angrily.
The hobgoblin barely misses you.
A hobgoblin comes into view.
The hobgoblin shouts!
The hobgoblin moves out of view.
The hobgoblin hits you. The hobgoblin attacks as you move away!
The hobgoblin closely misses you.
The ball python bites you but does no damage.
The ball python grabs you. The ball python constricts you.
You escape the ball python's grasp.
You barely miss the ball python. The ball python misses you.
The ball python grabs you. The ball python constricts you.
The hobgoblin hits you.
The ball python bites you but does no damage.
The ball python constricts you.
You closely miss the ball python.
The ball python bites you but does no damage.
The ball python constricts you. The hobgoblin hits you. x2
* * * LOW HITPOINT WARNING * * *
You hit the ball python.
The ball python is moderately wounded.
The ball python bites you but does no damage.
The ball python constricts you. The hobgoblin misses you.
The hobgoblin closely misses you.
The ball python bites you but does no damage.
The ball python constricts you.
* * * LOW HITPOINT WARNING * * *
You escape the ball python's grasp.
The hobgoblin attacks as you move away! The hobgoblin hits you.
You die...

####.##............
#................
####.......#...._...
........##.#.#.....#
...#.#.......#....
.. #....##..##. .
+...S...<)..
...#..gg####..#
.......@.......
...#...........
...#....#####.# ..
+..... ######


You could see 2 hobgoblins and a ball python.

Vanquished Creatures
  An endoplasm (D:1)
  A giant cockroach (D:1)
2 creatures vanquished.

Vanquished Creatures (others)
  2 foxfires (D:1)
2 creatures vanquished.

Grand Total: 4 creatures vanquished

Notes
Turn   | Place    | Note
-------+----------+-------------------------------------------
     0 | D:1      | subawu the Draconian Fire Elementalist began the quest for
                  | the Orb.
     0 | D:1      | Reached XP level 1. HP: 14/14 MP: 3/3
   212 | D:1      | You fall into a shaft and drop 1 floor!
   257 | D:2      | Found a shadowy altar of Dithmenos.
   281 | D:2      | Slain by a hobgoblin

Illustrated notes

Levels and vault maps discovered:
D:1:      spicycebolla_arrival_transporter_tutorial, layout_loops_cross,
          shapermc_ecumenical_altar_petra
D:2:      layout_basic, basic_altar, minmay_fractal_squares_gapless_5

Action                     || total
---------------------------++-------
  Melee: Unarmed           ||    22
         Club              ||     3
         Tailslap          ||     3
   Cast: Foxfire           ||     1
 Armour: Skin              ||    15
  Dodge: Dodged            ||    18

Table legend: (Time is in decaauts)
 A = Elapsed time spent in this place.
 B = Non-inter-level travel time spent in this place.
 C = Inter-level travel time spent in this place.
 D = Time resting spent in this place.
 E = Time spent auto-exploring this place.
 F = Levels seen in this place.
 G = Mean time per level.
                   A        B        C        D        E       F      G
               +--------+--------+--------+--------+--------+-----+--------+
         Total |    283 |    280 |      3 |      0 |      0 |   2 |  141.5 |
       Dungeon |    283 |    280 |      3 |      0 |      0 |   2 |  141.5 |
               +--------+--------+--------+--------+--------+-----+--------+

Top non-repeatable levels by time:
     D:1: 213 daAuts
     D:2: 69 daAuts
